 Dungeon Crawl Stone Soup version 0.21.1-1-g345015fe64 (webtiles) character file.

112 Hercules1031 the Charmwright (level 4, 0/38 HPs)
             Began as a Gnoll Skald on June 9, 2018.
             Slain by a gnoll
             ... wielding a +0 vampiric spear
              (2 damage)
             ... on level 3 of the Dungeon.
             The game lasted 00:16:54 (1709 turns).

Hercules1031 the Charmwright (Gnoll Skald)          Turns: 1709, Time: 00:16:55

Health: 0/38       AC:  5    Str: 19    XL:     4   Next: 93%
Magic:  1/11       EV: 13    Int: 16    God:
Gold:   96         SH:  4    Dex: 14    Spells: 2/13 levels left

rFire    . . .     SeeInvis .   e - +0 whip
rCold    + . .     Gourm    .   q - +0 buckler
rNeg     + . .     Faith    .   m - +2 leather armour {rN+}
rPois    .         Spirit   .   (no helmet)
rElec    .         Reflect  .   (no cloak)
rCorr    .         Harm     .   (no gloves)
MR       .....                  (no boots)
Stlth    ++........             (no amulet)
HPRegen  0.12/turn              f - ring of protection from cold
MPRegen  0.12/turn              (no ring)

@: mighty, infused, singing
A: distributed training, fangs 1, deterioration 1, sense surroundings 1, strong
nose
a: no special abilities


You were on level 3 of the Dungeon.
You were full.

You visited 1 branch of the dungeon, and saw 3 of its levels.

You collected 96 gold pieces.

Inventory:

Hand Weapons
 a - a +0 mace
 e - a +0 whip (weapon)
 n - a +0 flail
 t - a +0 hunting sling
Missiles
 h - 64 arrows
 s - 29 sling bullets
Armour
 b - a +0 leather armour
 g - a +0 robe
 i - a +0 leather armour
 j - a +0 leather armour
 k - a +0 leather armour
 l - a +0 robe
 m - a +2 leather armour of positive energy (worn)
 p - a +0 ring mail of cold resistance
 q - a +0 buckler (worn)
 v - a cursed +0 cloak
Jewellery
 f - a ring of protection from cold (left hand)
 w - a cursed amulet of inaccuracy {unknown}
Potions
 r - a potion of curing {unknown}
Books
 c - a book of Battle

   Spells                             Type                      Level
   a - Infusion                       Charms                       1
   b - Shroud of Golubria             Charms/Translocation         2
   c - Song of Slaying                Charms                       2
   d - Spectral Weapon                Hexes/Charms                 3
   e - Regeneration                   Charms/Necromancy            3
Comestibles
 d - 3 rations


   Skills:
 + Level 4.7 Fighting
 + Level 1.2 Short Blades
 + Level 1.2 Long Blades
 + Level 1.2 Axes
 + Level 4.7 Maces & Flails
 + Level 1.2 Polearms
 + Level 1.2 Staves
 + Level 1.2 Slings
 + Level 1.2 Bows
 + Level 1.2 Crossbows
 + Level 1.2 Throwing
 + Level 2.8 Armour
 + Level 4.7 Dodging
 + Level 1.2 Stealth
 + Level 1.2 Shields
 + Level 1.2 Unarmed Combat
 + Level 5.1 Spellcasting
 + Level 1.0 Conjurations
 + Level 1.0 Hexes
 + Level 5.5 Charms
 + Level 1.0 Summonings
 + Level 1.0 Necromancy
 + Level 1.0 Translocations
 + Level 1.0 Transmutations
 + Level 1.0 Fire Magic
 + Level 1.0 Ice Magic
 + Level 1.0 Air Magic
 + Level 1.0 Earth Magic
 + Level 1.0 Poison Magic
 + Level 1.4 Invocations
 + Level 1.2 Evocations


You had 2 spell levels left.
You knew the following spells:

 Your Spells              Type           Power        Failure   Level  Hunger
a - Infusion              Chrm           ###.         2%          1    None
b - Shroud of Golubria    Chrm/Tloc      ##........   10%         2    #......
c - Song of Slaying       Chrm           ###.....     4%          2    #......
d - Spectral Weapon       Hex/Chrm       ##......     19%         3    ###....
e - Regeneration          Chrm/Necr      ##........   19%         3    ###....


Dungeon Overview and Level Annotations

Branches:
Dungeon (3/15)

Altars:
Ashenzari


Innate Abilities, Weirdness & Mutations

Your experience applies equally to all skills.
You have very sharp teeth.
Your uncanny sense of smell can sniff out nearby items.
Your body sometimes deteriorates upon taking damage.
You passively map a small area around you.


Message History

* * * LOW HITPOINT WARNING * * *
Sorry, you're not good enough to have a special ability.
Casting: Song of Slaying
Confirm with . or Enter, or press ? or * to list all spells.
Space distorts slightly along a thin shroud covering your body.
The gnoll closely misses you. The gnoll misses you.
You barely miss the gnoll. You bite the gnoll, but do no damage.
The gnoll is severely wounded.
The gnoll hits you from afar with a vampiric spear.
* * * LOW HITPOINT WARNING * * *
Your shroud falls apart!
The gnoll closely misses you.
It was a potion of mutation.
You feel extremely strange.
You feel yourself wasting away.
You feel a strange attunement to the structure of the dungeons.
The gnoll misses you. The gnoll closely misses you.
It was a potion of might.
You feel very mighty all of a sudden.
The gnoll hits you from afar with a vampiric spear.
You die...

#......# *
#.####.# #.#
#<#* ###.#
*#.......#
#...##.##......#
* #.#....#
.#....# #.#.##.#
.#..... , + #.#
# .# ..##* * *
,#@# .. ... , ,
#g#* * ## ### ,
*


gSg , , ∆ ..... * ...####* * *...., , , , * ##+#. ∆ ,* , .. * You could see 2
gnolls, an adder and a hobgoblin.

Vanquished Creatures
  Natasha (D:2)
  A gnoll (D:3)
  3 adders (D:2)
  A worm (D:2)
  4 dart slugs
  2 leopard geckos (D:2)
  A giant cockroach (D:1)
  5 goblins
  6 hobgoblins
  3 jackals (D:2)
  A bat (D:2)
  2 frilled lizards
  4 kobolds (D:1)
  4 rats (D:1)
38 creatures vanquished.

Notes
Turn   | Place    | Note
-------+----------+-------------------------------------------
     0 | D:1      | Hercules1031 the Gnoll Skald began the quest for the Orb.
     0 | D:1      | Reached XP level 1. HP: 20/20 MP: 6/6
   139 | D:1      | Reached XP level 2. HP: 14/26 MP: 7/7
   180 | D:1      | Learned a level 2 spell: Shroud of Golubria
   183 | D:1      | Learned a level 2 spell: Song of Slaying
   795 | D:2      | Found a shattered altar of Ashenzari.
   859 | D:2      | Reached skill level 5 in Spellcasting
   859 | D:2      | Reached XP level 3. HP: 29/31 MP: 7/9
   970 | D:2      | Reached skill level 1 in Invocations
  1082 | D:2      | Reached skill level 1 in Short Blades
  1082 | D:2      | Reached skill level 1 in Long Blades
  1082 | D:2      | Reached skill level 1 in Axes
  1082 | D:2      | Reached skill level 1 in Polearms
  1082 | D:2      | Reached skill level 1 in Staves
  1082 | D:2      | Reached skill level 1 in Slings
  1082 | D:2      | Reached skill level 1 in Bows
  1082 | D:2      | Reached skill level 1 in Crossbows
  1082 | D:2      | Reached skill level 1 in Throwing
  1082 | D:2      | Reached skill level 1 in Stealth
  1082 | D:2      | Reached skill level 1 in Shields
  1082 | D:2      | Reached skill level 1 in Unarmed Combat
  1082 | D:2      | Reached skill level 1 in Evocations
  1139 | D:2      | Learned a level 3 spell: Spectral Weapon
  1143 | D:2      | Learned a level 3 spell: Regeneration
  1248 | D:2      | Reached XP level 4. HP: 28/38 MP: 8/11
  1597 | D:2      | Noticed Natasha
  1604 | D:2      | Killed Natasha
  1604 | D:2      | Reached skill level 1 in Conjurations
  1604 | D:2      | Reached skill level 1 in Hexes
  1604 | D:2      | Reached skill level 1 in Summonings
  1604 | D:2      | Reached skill level 1 in Necromancy
  1604 | D:2      | Reached skill level 1 in Translocations
  1604 | D:2      | Reached skill level 1 in Transmutations
  1604 | D:2      | Reached skill level 1 in Fire Magic
  1604 | D:2      | Reached skill level 1 in Ice Magic
  1604 | D:2      | Reached skill level 1 in Air Magic
  1604 | D:2      | Reached skill level 1 in Earth Magic
  1604 | D:2      | Reached skill level 1 in Poison Magic
  1708 | D:3      | Gained mutation: Your body sometimes deteriorates upon taking damage. [potion of mutation]
  1708 | D:3      | Gained mutation: You passively map a small area around you. [potion of mutation]
  1709 | D:3      | Slain by a gnoll

Skill      XL: |  1  2  3  4 |
---------------+-------------+-----
Spellcasting   | 5 |  5.1
Invocations    | 1 |  1.4
Short Blades   | 1 |  1.2
Long Blades    | 1 |  1.2
Axes           | 1 |  1.2
Polearms       | 1 |  1.2
Staves         | 1 |  1.2
Slings         | 1 |  1.2
Bows           | 1 |  1.2
Crossbows      | 1 |  1.2
Throwing       | 1 |  1.2
Stealth        | 1 |  1.2
Shields        | 1 |  1.2
Unarmed Combat | 1 |  1.2
Evocations     | 1 |  1.2
Conjurations   | 1 |  1.0
Hexes          | 1 |  1.0
Summonings     | 1 |  1.0
Necromancy     | 1 |  1.0
Translocations | 1 |  1.0
Transmutations | 1 |  1.0
Fire Magic     | 1 |  1.0
Ice Magic      | 1 |  1.0
Air Magic      | 1 |  1.0
Earth Magic    | 1 |  1.0
Poison Magic   | 1 |  1.0
Fighting       | |  4.7
Maces & Flails | |  4.7
Armour         | |  2.8
Dodging        | |  4.7
Charms         | |  5.5

Action                   |  1- 3 |  4- 6 || total
-------------------------+-------+-------++-------
Melee: Whip              |   125 |    34 ||   159
       Bite              |    11 |     6 ||    17
       Mace              |     1 |       ||     1
 Cast: Infusion          |     3 |     6 ||     9
       Shroud of Golubri |       |     1 ||     1
       Song of Slaying   |       |     1 ||     1
       Spectral Weapon   |       |     1 ||     1
  Use: Scroll            |     6 |       ||     6
       Potion            |     1 |     2 ||     3
 Stab: Sleeping          |     1 |       ||     1
  Eat: Ration            |     2 |       ||     2
Armor: Leather armour    |    24 |     4 ||    28
Dodge: Dodged            |    88 |    29 ||   117
Block: Buckler           |     5 |     4 ||     9
